AoeStats
← Dr_DanglePeen_AD

Black Forest

503735843Analyzed
4v4 RM · 29d ago on Sep 2, 2026· 40m 40s· 8 players
Game mode
Random Map
Map size
Large (8 player)
Population
200
Speed
Normal
Resources
Standard
Victory
Conquest
Starting age
Dark Age
Ending age
Imperial Age
RankedLock teamsTeams togetherTeam positionsShared explorationLock speedFull tech treeHidden civsTurbo modeCheats
Victory
Defeat
🇨🇴 Cumans · Colombia
1325
+11
🇨🇴 Malay · Colombia
1293
+13
🇺🇸 Britons · United States
1288
+13
🇺🇸 Lithuanians · United States
1186
+18
🇺🇸 Persians · United States
1296
-17
🇨🇳 Franks · China
1243
-15
🇨🇳 Vietnamese · China
1176
-12
🇺🇸 Vikings · United States
1170
-11
DLonger7
5:01 Loom
10:52 Feudal Age
17:19 Castle Age
15:16 Double-Bit Axe
17:28 Scale Barding Armor
23:16 Horse Collar
24:37 Chain Barding Armor
24:51 Bloodlines
31:52 Forging
33:24 Husbandry
34:01 Iron Casting
35:17 Pikeman
36:01 Scale Mail Armor
Dr_DanglePeen_AD
0:30 Loom
12:50 Feudal Age
27:35 Castle Age
35:48 Castle Age
40:00 Horse Collar
40:10 Double-Bit Axe
小明
0:29 Loom
13:35 Feudal Age
18:08 Castle Age
19:36 Double-Bit Axe
21:00 Horse Collar
26:06 Fletching
30:35 Bodkin Arrow
31:42 Bow Saw
36:56 Imperial Age
35:41 Padded Archer Armor
36:09 Ballistics
37:13 Elite Rattan Archer
38:18 Bracer
z先生
11:32 Feudal Age
16:46 Castle Age
15:09 Double-Bit Axe
16:53 Wheelbarrow
16:04 Loom
18:44 Bow Saw
23:36 Scale Barding Armor
27:24 Chain Barding Armor
27:52 Gold Mining
27:54 Stone Mining
28:32 Forging
32:00 Imperial Age
31:30 Iron Casting
31:37 Husbandry
32:15 Gold Shaft Mining
33:06 Hand Cart
32:37 Town Watch
32:16 Cavalier
33:33 Plate Barding Armor
33:59 Blast Furnace
33:54 Chivalry
34:13 Fishing Lines
34:06 Paladin
[InFaa] Pacho
0:36 Loom
10:31 Feudal Age
10:27 Double-Bit Axe
16:29 Fletching
22:22 Castle Age
20:18 Horse Collar
20:53 Padded Archer Armor
21:28 Crossbowman
22:05 Bodkin Arrow
23:15 Gold Mining
26:24 Ballistics
29:51 Wheelbarrow
29:26 Squires
29:42 Bow Saw
31:07 Stone Mining
38:48 Imperial Age
36:32 Thumb Ring
37:15 Leather Archer Armor
36:48 Town Watch
38:25 Bracer
37:48 Arbalester
40:00 Hand Cart
41:28 Chemistry
Finlinskiboi
0:28 Loom
12:29 Feudal Age
16:56 Castle Age
14:48 Double-Bit Axe
15:53 Gold Mining
17:03 Fletching
17:38 Crossbowman
24:55 Wheelbarrow
25:33 Bodkin Arrow
28:36 Ballistics
29:34 Bow Saw
32:04 Padded Archer Armor
33:22 Hand Cart
40:11 Imperial Age
38:43 Gold Shaft Mining
38:57 Fortified Wall
40:28 Yeomen
40:33 Leather Archer Armor
AmB
3:53 Loom
11:20 Feudal Age
13:05 Double-Bit Axe
20:47 Scale Barding Armor
20:26 Horse Collar
21:06 Gold Mining
21:38 Forging
27:00 Castle Age
26:40 Wheelbarrow
27:48 Bloodlines
28:10 Chain Barding Armor
27:14 Capped Ram
28:51 Caravan
30:31 Iron Casting
30:16 Town Watch
30:46 Hand Cart
30:36 Heavy Plow
30:48 Bow Saw
40:12 Imperial Age
40:25 Town Patrol
40:32 Cavalier
Bensun
3:01 Loom
10:50 Feudal Age
15:05 Castle Age
15:57 Double-Bit Axe
16:02 Horse Collar
18:12 Bow Saw
20:23 Heavy Plow
25:49 Wheelbarrow
28:10 Imperial Age
25:40 Gold Mining
26:02 Caravan
26:35 Scale Barding Armor
26:44 Forging
28:17 Chain Barding Armor
27:53 Stone Mining
29:03 Iron Casting
28:41 Elite Leitis
30:30 Hand Cart
30:57 Plate Barding Armor
30:56 Conscription
32:21 Chemistry
33:31 Stone Shaft Mining
35:01 Crop Rotation
Connection lost

Rejoining the realm…

Still unreachable

The connection could not be restored.

Session expired

The server has moved on; the page needs a fresh start.